 Dungeon Crawl Stone Soup version 0.29-a0-509-g793eeb5391 (webtiles) character file.

Game seed: 7904219339361778664

1521 Morbidden the Conjurer (level 8, -2/78 HPs)
             Began as an Octopode Conjurer on May 29, 2022.
             Was an Elder of Dithmenos.
             Slain by a gnoll sergeant
             ... wielding a +0 trident
              (11 damage)
             ... on level 6 of the Dungeon.
             The game lasted 00:10:12 (8899 turns).

Morbidden the Conjurer (Octopode Conjurer)          Turns: 8899, Time: 00:10:13

Health: -2/78      AC: 24    Str:  8 (9)  XL:     8   Next: 84%
Magic:  0/15       EV:  2    Int: 19 (22) God:    Dithmenos [****..]
Gold:   230        SH:  0    Dex:  7 (10) Spells: 8/17 levels left

rFire   . . .      SeeInvis .   a - staff of conjuration
rCold   + . .      Faith    +   (no shield)
rNeg    + . .      Spirit   .   (helmet currently unavailable)
rPois   +          Reflect  .   m - amulet of faith
rElec   .          Harm     .   k - ring of protection from cold
rCorr   +          Rampage  .   p - ring of positive energy
Will    +....      NoTele   +   q - ring of resist corrosion
Stlth   +++.......              (no ring)
HPRegen 0.23/turn               (no ring)
MPRegen 0.14/turn               (no ring)
                                (no ring)
                                (no ring)

@: mighty, brilliant, tree-form, hasted, wreathed by umbra, very quick
A: stationary, stasis, torment immunity, boosted hp, almost no armour,
(amphibious), 8 rings, (camouflage 1), (gelatinous body 1), (nimble swimmer 1),
(tentacles), strong-willed 1, (shaggy fur 1), strong 1
a: Renounce Religion, Shadow Step


You were on level 6 of the Dungeon.
You worshipped Dithmenos.
Dithmenos was greatly pleased with you.
You were a tree.
You visited 1 branch of the dungeon, and saw 6 of its levels.

You collected 230 gold pieces.

Inventory:

Missiles
 s - a throwing net
Magical Staves
 a - a staff of conjuration (weapon)
Jewellery
 k - a ring of protection from cold (left branch)
 m - an amulet of faith (around neck)
 p - a ring of positive energy (right branch)
 q - a ring of resist corrosion (on tentacle)
Scrolls
 b - 4 scrolls of enchant armour {unknown}
 d - a scroll of amnesia
 e - 2 scrolls of identify {unknown}
 f - a scroll of blinking {unknown}
 i - a scroll of poison {unknown}
 n - a scroll of torment {unknown}
 o - a scroll of enchant weapon
 r - a scroll of silence {unknown}
Potions
 c - 3 potions of might
 g - a potion of lignification
 h - a potion of brilliance
 l - a potion of mutation
 u - a potion of degeneration


   Skills:
 * Level 3.3 Fighting
 - Level 0.1 Short Blades
 + Level 3.0 Dodging
 + Level 3.8 Stealth
 * Level 2.5 Unarmed Combat
 * Level 5.2 Spellcasting
 + Level 6.5 Conjurations
 * Level 2.5 Transmutations
 * Level 2.7 Earth Magic
 * Level 3.3 Invocations


You had 8 spell levels left.
You knew the following spells:

 Your Spells              Type           Power      Damage    Failure   Level
a - Magic Dart            Conj           100%       1d8       1%          1
b - Searing Ray           Conj           100%       2d8       1%          2
c - Statue Form           Tmut/Erth      14%        N/A       99%         6

Your spell library contained the following spells:

 Spells                   Type           Power      Damage    Failure   Level
 Wereblood                Tmut           21%        N/A       6%          2
 Dazzling Flash           Conj/Hex       78%        N/A       10%         3
 Sublimation of Blood     Necr           7%         N/A       19%         2
 Fulminant Prism          Conj/Hex       19%        3d11      30%         4
 Iskenderun's Mystic Bla  Conj/Tloc      39%        2d9       30%         4
 Leda's Liquefaction      Hex/Erth       7%         N/A       56%         4
 Lee's Rapid Deconstruct  Erth           11%        3d9*      71%         5
 Summon Hydra             Summ           3%         N/A       100%        7


Dungeon Overview and Level Annotations

Branches:
Dungeon (6/15)             Temple (0/1) D:5

Altars:
Dithmenos

Shops:
D:2 [


Innate Abilities, Weirdness & Mutations

You are a tree.
Your roots penetrate the ground, keeping you stationary.
You cannot be teleported.
You are immune to unholy pain and torment.
Your maximum health is greatly increased.
You cannot wear most types of armour.
((You are amphibious.))
You can wear up to eight rings at the same time.
((Your skin changes colour to match your surroundings (Stealth+).))
((Your rubbery body absorbs attacks. (AC +1, EV +1)))
((You are camouflaged when in or above water. (Stealth+)))
((You have tentacles for arms and can constrict up to eight enemies at once.))
You are strong-willed. (Will+)
((You are covered in fur. (AC +1)))
Your muscles are strong. (Str +2)


Message History

Unknown command.
Unknown command.
Unknown command.
You feel better.
Unknown command.
Unknown command.
You aren't carrying any items that you can evoke.
Unknown command.
Okay, then.
As you read the scroll labelled PAISCH FEWUUVE, it crumbles to dust.
It is a scroll of enchant weapon.
You aren't carrying any weapons that can be enchanted.
The gnoll sergeant hits you from afar with a +0 trident.
* * * LOW HITPOINT WARNING * * *
The gnoll hits you but does no damage.
Unknown command.
As you read the scroll labelled JOOMAQ YRPHIO, it crumbles to dust.
It is a scroll of amnesia.
Really abort (and waste the scroll)?
Okay, then.
The gnoll sergeant hits you from afar with a +0 trident.
* * * LOW HITPOINT WARNING * * *
The gnoll hits you but does no damage.
Unknown command.
Unknown command.
Unknown command.
Casting: Searing Ray (safe; 1% risk of failure)
Confirm with . or Enter, or press ? or * to list all spells.
Aiming: Magic Dart (safe; 1% risk of failure)
Press: ? - help, Shift-Dir - straight line, f/p - gnoll sergeant
Aim: a gnoll sergeant, wielding a +0 trident and wearing a +0 scale mail (severely wounded, umbra, 100% to hit)
You feel a strong surge of power!
The magic dart hits the gnoll sergeant but does no damage.
The gnoll sergeant is severely wounded.
Unknown command.
You hit the gnoll.
The gnoll is severely wounded.
The gnoll hits you but does no damage.
The gnoll sergeant hits you from afar with a +0 trident!
You die...

#...#...#...............<.
#......##.................
#..#......##...........#..
####.......#..............
###..............#.....
##..........##.##..##
#..g.....####.#.....
###)g.....# #......#
#♣#.....###......#
###...##.......#.#
#.........†......
###..#...........
#.##...........
####........[..
#........... #........###
#........#


You could see a gnoll sergeant and a gnoll.

Vanquished Creatures
  A water moccasin (D:5)
  A black bear (D:5)
  A sky beast (D:5)
  A phantom (D:5)
  5 scorpions
  3 wights (D:6)
  A howler monkey (D:5)
  2 hounds (D:4)
  6 orc priests
  2 iguanas
  5 orc wizards
  Terence (D:2)
  5 gnolls (D:6)
  8 adders
  A white imp (D:6)
  A worm (D:3)
  5 dart slugs
  18 orcs
  3 bats (D:2)
  8 endoplasms
  3 giant cockroaches
  7 goblins
  6 hobgoblins
  4 jackals (D:5)
  4 quokkas
  3 ball pythons
  8 frilled lizards
  9 kobolds
  6 rats
128 creatures vanquished.

Vanquished Creatures (others)
  2 plants (D:4)
2 creatures vanquished.

Grand Total: 130 creatures vanquished

Notes
Turn   | Place    | Note
-------+----------+-------------------------------------------
     0 | D:1      | Morbidden the Octopode Conjurer began the quest for the
                  | Orb.
     0 | D:1      | Reached XP level 1. HP: 11/11 MP: 3/3
   273 | D:1      | Found a faded altar of an unknown god.
   569 | D:1      | Prayed at the altar of an unknown god.
   569 | D:1      | Became a worshipper of Dithmenos the Shadowed
   569 | D:1      | Reached * piety under Dithmenos
   795 | D:1      | Reached XP level 2. HP: 18/18 MP: 3/5
  1332 | D:1      | Learned a level 2 spell: Searing Ray
  1576 | D:2      | Reached XP level 3. HP: 22/22 MP: 2/6
  1634 | D:2      | Reached skill level 1 in Fighting
  1698 | D:2      | Noticed Terence
  1723 | D:2      | Killed Terence
  2356 | D:2      | Reached XP level 4. HP: 28/28 MP: 3/7
  2769 | D:2      | Found Kymaaf's Antique Armour Shoppe.
  3189 | D:3      | Noticed a scorpion
  3206 | D:3      | Killed a scorpion
  3207 | D:3      | Reached skill level 1 in Unarmed Combat
  3207 | D:3      | Reached skill level 5 in Conjurations
  3207 | D:3      | Reached skill level 1 in Invocations
  3207 | D:3      | Reached XP level 5. HP: 25/33 MP: 3/8
  3449 | D:3      | Reached ** piety under Dithmenos
  3748 | D:3      | Reached XP level 6. HP: 25/38 MP: 5/10
  3924 | D:2      | Learned a level 6 spell: Statue Form
  6188 | D:4      | Reached skill level 1 in Earth Magic
  6188 | D:4      | Reached XP level 7. HP: 44/44 MP: 7/12
  6430 | D:5      | Entered Level 5 of the Dungeon
  6488 | D:5      | Reached skill level 1 in Transmutations
  6815 | D:5      | Reached *** piety under Dithmenos
  6935 | D:4      | Reached skill level 6 in Conjurations
  7256 | D:5      | Found a staircase to the Ecumenical Temple.
  7607 | D:5      | Reached XP level 8. HP: 27/51 MP: 5/14
  8735 | D:6      | Reached skill level 5 in Spellcasting
  8856 | D:6      | Reached **** piety under Dithmenos
  8879 | D:6      | Gained mutation: You are covered in fur. (AC +1) [potion of
                  | mutation]
  8879 | D:6      | Gained mutation: You are strong-willed. (Will+) [potion of
                  | mutation]
  8879 | D:6      | Gained mutation: Your muscles are strong. (Str +2) [potion
                  | of mutation]
  8899 | D:6      | Slain by a gnoll sergeant

Illustrated notes

Levels and vault maps discovered:
D:1:      kennysheep_arrival_forest, layout_loops_corners,
          shapermc_ecumenical_altar_mp_vishouse, minmay_misc_feat_hallway
D:2:      layout_basic, serial_shops, nicolae_lakefront_shop, minmay_tromino_i4,
          uniq_terence
D:3:      layout_basic
D:4:      layout_basic, minmay_lizard_king
D:5:      layout_cave_pools, minmay_temple_entry_statues_fountains
D:6:      layout_cave_pools

Skill      XL: |  1  2  3  4  5  6  7  8 |
---------------+-------------------------+-----
Fighting       | 1 2 3 |  3.3
Stealth        | 3 |  3.8
Unarmed Combat | 1 2 |  2.5
Conjurations   | 5 6 |  6.5
Invocations    | 1 2 3 |  3.3
Spellcasting   | 3 4 5 |  5.2
Earth Magic    | 1 2 |  2.7
Transmutations | 1 2 |  2.5
Dodging        | 3 |  3.0
Short Blades   | |  0.1

Action                   |  1- 3 |  4- 6 |  7- 9 || total
-------------------------+-------+-------+-------++-------
Melee: Unarmed           |     6 |       |       ||     6
       Tentacles         |     2 |     2 |       ||     4
       Constrict         |     3 |     2 |       ||     5
       Dagger            |     5 |       |       ||     5
       Staff             |       |     8 |     8 ||    16
 Cast: Magic Dart        |    42 |   107 |    86 ||   235
       Searing Ray       |     3 |    13 |    29 ||    45
  Use: Potion            |       |     1 |    10 ||    11
       Scroll            |       |       |     2 ||     2
Armor: Skin              |       |     1 |    31 ||    32
Dodge: Dodged            |    10 |    20 |    33 ||    63

Table legend: (Time is in decaauts)
 A = Elapsed time spent in this place.
 B = Non-inter-level travel time spent in this place.
 C = Inter-level travel time spent in this place.
 D = Time resting spent in this place.
 E = Time spent auto-exploring this place.
 F = Levels seen in this place.
 G = Mean time per level.
                   A        B        C        D        E       F      G
               +--------+--------+--------+--------+--------+-----+--------+
         Total |   8899 |   8498 |    401 |   1314 |   6408 |   6 | 1483.2 |
       Dungeon |   8899 |   8498 |    401 |   1314 |   6408 |   6 | 1483.2 |
               +--------+--------+--------+--------+--------+-----+--------+

Top non-repeatable levels by time:
     D:3: 2064 daAuts
     D:4: 1677 daAuts
     D:2: 1611 daAuts
     D:5: 1585 daAuts
     D:1: 1571 daAuts
     D:6: 389 daAuts
